 Dungeon Crawl Stone Soup version 0.31-a0-430-gf8416d752b (webtiles) character file.

Game seed: 17611090870119159411

351 Ethylacetat the Insei (level 6, -3/32 HPs)
             Began as a Vine Stalker Shapeshifter on July 31, 2023.
             Shot with an arrow by a centaur (10 damage)
             ... on level 5 of the Dungeon.
             The game lasted 00:05:33 (3144 turns).

Ethylacetat the Insei (Vine Stalker Shapeshifter)   Turns: 3144, Time: 00:05:34

Health: -3/32      AC:  3    Str: 17    XL:     6   Next: 61%
Magic:  0/7        EV: 13    Int:  8    God:
Gold:   227        SH:  0    Dex: 17    Spells: 5/5 levels left

rFire   . .          .
                       - Unarmed
rCold   . . .        (no shield)
rNeg    + . .        q - +0 leather armour
rPois   .            (helmet currently unavailable)
rElec   .            (cloak currently unavailable)
rCorr   .            (gloves currently unavailable)
SInv    .            (boots currently unavailable)
Will    .....        (no amulet)
Stlth   +            n - ring of positive energy
HPRegen 1.05/turn    (no ring)
MPRegen 0.10/turn

%: guardian spirit
@: beast-form
A: beast (slay +2), fangs 2, regeneration 1, magic shield, antimagic bite, no
potion heal 2
a: Begin Untransformation


You were on level 5 of the Dungeon.
You were a hulking beast.
You visited 1 branch of the dungeon, and saw 5 of its levels.

You collected 227 gold pieces.

Inventory:

Hand Weapons
 w - a +1 short sword of protection
Armour
 q - a +0 leather armour (worn)
 s - a +0 cloak
Jewellery
 n - a ring of positive energy (left hand)
 t - an amulet of regeneration
 v - a ring of resist corrosion
Talismans
 c - a beast talisman (active)
Scrolls
 a - a scroll of enchant weapon {unknown}
 e - 4 scrolls of identify {unknown}
 f - a scroll of teleportation {unknown}
 j - a scroll of amnesia {unknown}
 m - a scroll of revelation {unknown}
 r - 2 scrolls of fog {unknown}
 u - 3 scrolls of blinking {unknown}
 x - a scroll of immolation {unknown}
Potions
 b - 3 potions of lignification
 d - a potion of enlightenment {unknown}
 g - a potion of heal wounds {unknown}
 h - 2 potions of brilliance {unknown}
 i - 2 potions of degeneration {unknown}
 k - a potion of cancellation {unknown}
 l - a potion of haste {unknown}
 o - a potion of might {unknown}
 p - a potion of experience {unknown}


   Skills:
 + Level 2.9 Fighting
 + Level 3.1 Dodging
 + Level 4.4 Unarmed Combat
 + Level 4.0 Shapeshifting


You had 5 spell levels left.
You didn't know any spells.
Your spell library contained the following spells:

 Spells                   Type           Power      Damage    Failure   Level
 Necrotise                Necr           0%         1d4       47%         1
 Cigotuvi's Dreadful Rot  Necr/Pois/Air  0%         N/A       63%         2
 Sublimation of Blood     Necr           0%         N/A       63%         2
 Portal Projectile        Hex/Tloc       0%         N/A       85%         3
 Tukima's Dance           Hex            0%         N/A       85%         3
 Vampiric Draining        Necr           0%         2d6       85%         3
 Iskenderun's Mystic Bla  Conj/Tloc      0%         2d3       99%         4


Dungeon Overview and Level Annotations

Branches:
Dungeon (5/15)
 Temple: D:4-7

Altars:
Elyvilon
Fedhas
Kikubaaqudgha
Sif Muna


Innate Abilities, Weirdness & Mutations

You are a hulking beast.
Your limbs bulge with bestial killing power. (Slay +2)
You have extremely sharp teeth.
Your natural rate of healing is unusually fast.
When hurt, damage is shared between your health and your magic reserves.
Your bite disrupts and absorbs the magic of your enemies.
Potions cannot restore your health.


Message History

You open the door.
An adder comes into view.
There is an open door here.
An orc comes into view. It is wielding a +0 flail.
The adder hisses angrily.
The orc shouts!
The adder bites you.
You punch the adder! Your bite misses the adder.
The adder is severely wounded.
The adder barely misses you.
You punch the adder!
You kill the adder!
A jelly comes into view.
The orc hits you with a +0 flail.
You hit the orc. You punch the orc.
You kill the orc!
Things that are here:
a +0 flail; a +0 ring mail The jelly hits you.
You are splashed with acid.
You barely miss the jelly. The jelly barely misses you.
A centaur comes into view.
The centaur shouts!
You punch the jelly!
Your hands burn!
You bite the jelly. You drain its power.
You feel invigorated.
The jelly is severely wounded.
The jelly hits you.
You are splashed with acid!
The centaur wields a +0 orcbow.
The centaur shoots an arrow.
The arrow misses you.
You are too injured to fight recklessly!
You are too injured to fight recklessly!
You are too injured to fight recklessly!
You are too injured to fight recklessly!
You are too injured to fight recklessly!
You barely miss the jelly. You bite the jelly.
You kill the jelly!
The centaur shoots an arrow.
The arrow closely misses you.
Your Shapeshifting skill increases to level 4!
The centaur shoots an arrow.
The arrow hits you!
* * * LOW HITPOINT WARNING * * *
The centaur shoots an arrow.
The arrow hits you!
You die...

#.# #.# ##.## ##...## .
#..... ##.#
#.####...#####...c#
###......†..h....# ..#
####...)....# #.#
#.######..... #.# ##'##
#.#. < #.# ##...## # .
###.# ##.....## .##.#.#
##..^....##
......###.........####...
....<...+......>..'......


You could see a centaur.

Vanquished Creatures
  An ogre (D:4)
  A howler monkey (D:4)
  A hound (D:4)
  A jelly (D:5)
  An orc wizard (D:3)
  5 adders
  An ufetubus (D:4)
  A worm (D:3)
  6 dart slugs
  9 orcs
  3 ball pythons
  8 endoplasms
  2 giant cockroaches
  10 goblins
  10 hobgoblins
  6 kobolds
  2 quokkas (D:3)
  2 bats
  3 frilled lizards
  A rat (D:3)
74 creatures vanquished.

Vanquished Creatures (others)
  A bat (D:3)
1 creature vanquished.

Grand Total: 75 creatures vanquished

Notes
Turn   | Place    | Note
-------+----------+-------------------------------------------
     0 | D:1      | Ethylacetat the Vine Stalker Shapeshifter began the quest
                  | for the Orb.
     0 | D:1      | Reached XP level 1. HP: 9/9 MP: 2/2
    23 | D:1      | Reached skill level 1 in Fighting
   121 | D:1      | Reached XP level 2. HP: 13/14 MP: 3/3
   200 | D:1      | You fall into a shaft and drop 1 floor!
   275 | D:2      | Reached XP level 3. HP: 5/18 MP: 1/4
   579 | D:2      | Gained mutation: Your natural rate of healing is unusually
                  | fast. [Vine Stalker growth]
   579 | D:2      | Reached XP level 4. HP: 18/23 MP: 3/5
  1316 | D:3      | Found a white marble altar of Elyvilon.
  1476 | D:3      | Reached XP level 5. HP: 25/26 MP: 6/6
  1552 | D:3      | Found a shimmering blue altar of Sif Muna.
  1719 | D:3      | Found an ancient bone altar of Kikubaaqudgha.
  1961 | D:3      | Found a faded altar of an unknown god.
  1980 | D:3      | Found a blossoming altar of Fedhas.
  2200 | D:3      | Prayed at the altar of an unknown god.
  2200 | D:3      | Became a worshipper of Kikubaaqudgha
  2200 | D:3      | Reached * piety under Kikubaaqudgha
  2200 | D:3      | Received a gift from Kikubaaqudgha
  2201 | D:3      | Fell from the grace of Kikubaaqudgha
  2477 | D:4      | Identified the +1 quarterstaff "Spiderbane" {heavy, rPois
                  | rC+ Str+3}
  2757 | D:4      | Reached XP level 6. HP: 24/32 MP: 5/7
  3072 | D:5      | Entered Level 5 of the Dungeon
  3144 | D:5      | Shot with an arrow by a centaur

Illustrated notes

Levels and vault maps discovered:
D:1:      dpeg_arrival_morbid_curiosity, layout_basic
D:2:      layout_basic, guppyfry_early_orc_mine
D:3:      layout_basic, nicolae_overflow_ecumenical_swirl, elyvilon_altar_4,
          nicolae_kikubaaqudgha_miasma_corner, lemuel_blue_sif_altar,
          minivault_26
D:4:      layout_loops_ring
D:5:      layout_loops_corners, grunt_temple_overflow_gold_and_silver,
          minmay_temple_entry_ruins, serial_shops, shop

Skill      XL: |  1  2  3  4  5  6 |
---------------+-------------------+-----
Fighting       | 1 2 |  2.9
Dodging        | 2 3 |  3.1
Unarmed Combat | 4 |  4.4
Shapeshifting  | 4 |  4.0

Action                     |  1- 3 |  4- 6 || total
---------------------------+-------+-------++-------
  Melee: Unarmed           |    55 |   140 ||   195
         Bite              |    10 |    35 ||    45
         Punch             |       |     1 ||     1
 Invoke: Renounce Religion |       |     1 ||     1
    Use: Potion            |     2 |       ||     2
   Stab: Sleeping          |       |     1 ||     1
 Armour: Animal skin       |     9 |    12 ||    21
         Leather armour    |       |    12 ||    12
  Dodge: Dodged            |    24 |    96 ||   120

Table legend: (Time is in decaauts)
 A = Elapsed time spent in this place.
 B = Non-inter-level travel time spent in this place.
 C = Inter-level travel time spent in this place.
 D = Time resting spent in this place.
 E = Time spent auto-exploring this place.
 F = Levels seen in this place.
 G = Mean time per level.
                   A        B        C        D        E       F      G
               +--------+--------+--------+--------+--------+-----+--------+
         Total |   3129 |   2890 |    239 |      0 |   2406 |   5 |  625.8 |
       Dungeon |   3129 |   2890 |    239 |      0 |   2406 |   5 |  625.8 |
               +--------+--------+--------+--------+--------+-----+--------+

Top non-repeatable levels by time:
     D:2: 1026 daAuts
     D:3: 1016 daAuts
     D:4: 816 daAuts
     D:1: 198 daAuts
     D:5: 71 daAuts
